 Dungeon Crawl Stone Soup version 0.22-a0-135-g6f012ad (webtiles) character file.

37837 Shoot2035 the Ripper (level 13, -6/96 HPs)
             Began as a Felid Berserker on Feb 1, 2018.
             Was the Champion of Trog.
             Mangled by a slime creature (19 damage)
             ... on level 1 of the Pits of Slime.
             The game lasted 00:51:33 (24964 turns).

Shoot2035 the Ripper (Felid Berserker)             Turns: 24964, Time: 00:51:34

Health: -6/96      AC:  3    Str: 18    XL:     13   Next: 60%
Magic:  14/14      EV: 35    Int:  9    God:    Trog [******]
Gold:   1167       SH:  0    Dex: 23    Spells: 12/12 levels left
                                        Lives:  0   Deaths: 4

rFire    . . .     SeeInvis +     - Unarmed
rCold    + . .     Gourm    .   (shield unavailable)
rNeg     + . .     Faith    .   (armour unavailable)
rPois    .         Spirit   .   (helmet unavailable)
rElec    .         Reflect  .   (cloak unavailable)
rCorr    .         Harm     .   (gloves unavailable)
MR       +....                  (boots unavailable)
Stlth    ..........             (no amulet)
HPRegen  0.26/turn              f - ring of positive energy
MPRegen  0.14/turn              Y - +3 ring of dexterity

@: berserking (expiring), starving, studying Stealth, very quick
A: very small, no armour, no weapons or thrown items, stealth, claws 1, fangs 3,
see invisible, carnivore, speed 1, shaggy fur 3, slow metabolism 1, sharp paws
a: Berserk, Trog's Hand, Brothers in Arms, Burn Spellbooks, Renounce Religion


You were on level 1 of the Pits of Slime.
You worshipped Trog.
Trog was exalted by your worship.
You were starving.

You visited 3 branches of the dungeon, and saw 20 of its levels.

You collected 1167 gold pieces.

Inventory:

Jewellery
 f - a ring of positive energy (left paw)
 k - an uncursed ring of resist corrosion
 r - an uncursed ring of protection from magic
 t - an uncursed ring of positive energy
 D - a +4 ring of intelligence
 E - a +2 ring of strength {unknown}
 K - a +1 ring of protection
 P - an uncursed ring of protection from fire
 R - an uncursed ring of fire
 T - a +3 amulet of reflection {unknown}
 Y - a +3 ring of dexterity (right paw)
Wands
 c - a wand of acid (7)
 q - a wand of scattershot (2)
 x - a wand of polymorph (12)
 y - a wand of digging (19)
 C - a wand of paralysis (29)
 G - a wand of clouds (8)
 N - a wand of iceblast (19)
 S - a wand of disintegration (12)
Scrolls
 b - 9 scrolls of remove curse
 e - 10 scrolls of teleportation
 u - a scroll of fog
 B - 2 scrolls of enchant armour {unknown}
 F - 3 scrolls of magic mapping
 H - a scroll of identify
 Z - a scroll of blinking
Potions
 g - 3 potions of magic
 j - 2 potions of invisibility
 n - 3 potions of resistance
 p - 7 potions of curing
 v - 2 potions of lignification {unknown}
 w - 4 potions of mutation {unknown}
 z - 3 potions of heal wounds {unknown}
 J - 2 potions of agility {unknown}
 M - a potion of flight {unknown}
 Q - 2 potions of ambrosia {unknown}
 V - a potion of degeneration {unknown}
Books
 d - a manual of Stealth
 h - a book of Maledictions

   Spells                             Type                      Level
   a - Corona                         Hexes                        1
   b - Ensorcelled Hibernation        Hexes/Ice                    2
   c - Confuse                        Hexes                        3
   d - Tukima's Dance                 Hexes                        3
   e - Dazzling Spray                 Conjuration/Hexes            3
   Trog disapproves of the use of such an item.
Comestibles
 a - 18 rations


   Skills:
 + Level 11.6 Fighting
 + Level 16.6 Dodging
 - Level 11.0 Stealth
 + Level 17.3 Unarmed Combat


You had 12 spell levels left.
You didn't know any spells.

Dungeon Overview and Level Annotations

Branches:
Dungeon (13/15)            Temple (0/1) D:5            Lair (6/6) D:9
 Shoals (0/4) Lair:3        Snake (0/4) Lair:2        Slime (1/5) Lair:6
    Orc (0/2) D:10
 Vaults: D:13-14

Altars:
Dithmenos
Elyvilon
Gozag
Hepliaklqana
Kikubaaqudgha
Makhleb
Nemelex Xobeh
Okawaru
Sif Muna
Trog
Xom
Yredelemnul
Zin
The Shining One
Jiyva

Shops:
D:12 (

Annotations:
D:10 1 runed door
Lair:4 exclusion: 2 oklob plants


Innate Abilities, Weirdness & Mutations

You cannot wear armour.
You are incapable of wielding weapons or throwing items.
Your paws allow you to move quietly. (Stealth)
You have sharp claws.
You have razor-sharp teeth.
You have supernaturally acute eyesight. (SInv)
You are carnivorous and can eat meat at any time.
You cover ground quickly.
Your thick and shaggy fur keeps you warm. (AC +3, rC+)
You have a slow metabolism.
Your sharp claws are effective at attacking unaware monsters.


Message History

The slime creature is almost dead.
The slime creature completely misses you.
You claw the slime creature!
You kill the slime creature!
Trog accepts your kill. The slime creature hits you!
* * * LOW HITPOINT WARNING * * *
The slime creature misses you. 2 slime creatures come into view.
You mangle the slime creature!! You claw the slime creature!!
The slime creature is severely wounded.
The slime creature misses you.
Two slime creatures merge to form a large slime creature.
A slime creature comes into view.
You barely miss the large slime creature.
The slime creature quivers.
You claw the large slime creature.
The large slime creature is heavily wounded.
The slime creature hits you!!
You die...

...# ...... ....###
#.#.....
#.....###....#...
##.#....#.........
#........#....#.##
................
#.#............
##...J.JJ.J.#...
##.#..<@JJJ.JJ.....
#.......JJJJ..J....
##.#.........JJ....
##...#...JJ.....J.
##.........##..#.
##.........#...#
###......#.#...
##........ ..
##......


You could see a large slime creature and 17 slime creatures.

Vanquished Creatures
  An acid blob (Slime:1)
  Gastronok (Lair:3)
  An azure jelly (Slime:1)
  6 dire elephants
  Snorg (D:11)
  Erolcha (D:9)
  4 hydras
  2 two-headed ogres (D:9)
  An anaconda (Lair:6)
  A queen ant (Lair:3)
  A skeletal warrior (D:13)
  A lindwurm (Lair:3)
  Pikel (D:9)
  2 ugly things
  A manticore (Lair:4)
  3 black mambas
  19 elephants
  8 spiny frogs
  A rime drake (Lair:2)
  11 komodo dragons
  2 trolls
  A polar bear (D:11)
  2 hornets (D:12)
  Grinder (D:6)
  15 blink frogs
  10 hippogriffs
  11 slime creatures (Slime:1)
  A meliai zombie (D:12)
  Sigmund (D:4)
  5 wyverns
  48 yaks
  A spriggan (Lair:2)
  Eustachio (D:5)
  A vampire (D:12)
  2 basilisks
  4 hungry ghosts
  2 wargs (D:10)
  Menkaure (D:4)
  16 soldier ants
  Duvessa (D:4)
  7 water moccasins
  13 porcupines
  A hornet zombie (D:10)
  6 orc warriors
  2 sky beasts
  A black bear (D:8)
  A slave (D:9)
  3 ice beasts
  5 phantoms
  8 ogres
  21 wolves
  5 centaurs
  8 crocodiles
  10 bullfrogs
  A gnoll sergeant (D:9)
  Dowan (D:4)
  5 scorpions
  28 killer bees
  6 wights (D:7)
  An electric eel (D:9)
  3 howler monkeys (D:8)
  5 crimson imps
  10 orc priests
  6 jellies
  8 hounds
  2 centaur skeletons
  A bullfrog skeleton (D:8)
  34 worker ants
  Terence (D:2)
  An iguana (D:4)
  10 orc wizards
  A hound skeleton (D:7)
  3 hound zombies
  A howler monkey zombie (D:11)
  4 gnolls
  8 adders
  2 shadow imps
  2 white imps (D:11)
  An ufetubus (D:11)
  6 oozes
  An adder skeleton (D:5)
  An adder zombie (D:5)
  2 worms
  10 leopard geckos
  51 orcs
  A ball python (D:2)
  6 giant cockroaches
  3 goblins
  7 hobgoblins
  6 quokkas
  8 bats
  3 frilled lizards
  A jackal skeleton (D:5)
  7 kobolds
  A quokka zombie (D:9)
  10 rats
  A fungus (D:9)
  2 plants (Lair:6)
556 creatures vanquished.

Vanquished Creatures (collateral kills)
  A black mamba (Lair:3)
  A spiny frog (Lair:2)
2 creatures vanquished.

Vanquished Creatures (others)
  A slave (D:9)
  A scorpion (D:5)
  A gnoll (D:9)
  93 fungi
  50 plants
146 creatures vanquished.

Grand Total: 704 creatures vanquished

Notes
Turn   | Place    | Note
-------+----------+-------------------------------------------
     0 | D:1      | Shoot2035 the Felid Berserker began the quest for the Orb.
     0 | D:1      | Reached XP level 1. HP: 10/10 MP: 2/2
   226 | D:1      | Reached XP level 2. HP: 10/14 MP: 3/3
   684 | D:2      | Reached ** piety under Trog
   724 | D:2      | Reached XP level 3. HP: 17/17 MP: 4/4
   903 | D:2      | Reached skill level 1 in Stealth
   944 | D:2      | Noticed Terence
   953 | D:2      | Killed Terence
   953 | D:2      | Reached XP level 4. HP: 21/21 MP: 5/5
   997 | D:2      | Found a shadowy altar of Dithmenos.
  1389 | D:3      | Reached skill level 4 in Unarmed Combat
  1858 | D:3      | Found a white marble altar of Elyvilon.
  2161 | D:3      | Found a burning altar of Makhleb.
  2163 | D:3      | Noticed an Executioner
  2341 | D:4      | Noticed an ogre
  2344 | D:4      | Noticed Dowan
  2345 | D:4      | Noticed Duvessa
  2348 | D:4      | Killed an ogre
  2348 | D:4      | Reached skill level 5 in Dodging
  2348 | D:4      | Reached XP level 5. HP: 25/25 MP: 6/6
  2356 | D:4      | Mangled by Duvessa
  2357 | D:4      | Reached XP level 4. HP: -9/22 MP: 5/5
  2423 | D:4      | Reached skill level 5 in Unarmed Combat
  2423 | D:4      | Reached XP level 5. HP: 22/25 MP: 6/6
  2889 | D:4      | Noticed Sigmund
  2898 | D:4      | Killed Sigmund
  2898 | D:4      | Gained mutation: You are covered in thick fur. (AC +2) [Felid growth]
  2898 | D:4      | Reached XP level 6. HP: 27/28 MP: 7/7
  3044 | D:4      | Killed Duvessa
  3044 | D:4      | Reached skill level 5 in Stealth
  3044 | D:4      | Reached skill level 6 in Unarmed Combat
  3047 | D:4      | Killed Dowan
  3276 | D:4      | Reached XP level 7. HP: 31/31 MP: 8/8
  3277 | D:4      | Reached *** piety under Trog
  3459 | D:4      | Noticed Menkaure
  3465 | D:4      | Killed Menkaure
  3639 | D:4      | Found a glowing silver altar of Zin.
  3639 | D:4      | Found an opulent altar of Gozag.
  3686 | D:5      | Entered Level 5 of the Dungeon
  3699 | D:5      | Reached skill level 7 in Unarmed Combat
  4174 | D:5      | Noticed a hungry ghost
  4181 | D:5      | Killed a hungry ghost
  4181 | D:5      | Reached skill level 8 in Unarmed Combat
  4181 | D:5      | Reached XP level 8. HP: 36/36 MP: 9/9
  4182 | D:5      | Found a staircase to the Ecumenical Temple.
  4216 | D:5      | Noticed Eustachio
  4237 | D:5      | Killed Eustachio
  4794 | D:5      | Found a basalt altar of Yredelemnul.
  4805 | D:5      | Found a glowing golden altar of the Shining One.
  4828 | D:5      | Found a deep blue altar of Sif Muna.
  4916 | D:5      | Reached skill level 9 in Unarmed Combat
  5090 | D:5      | Noticed an angel
  5172 | D:6      | Found a bloodstained altar of Trog.
  5204 | D:6      | Found an ancient bone altar of Kikubaaqudgha.
  5264 | D:6      | Found an iron altar of Okawaru.
  5311 | D:6      | Noticed Grinder
  5317 | D:6      | Killed Grinder
  5576 | D:6      | Reached XP level 9. HP: 39/39 MP: 10/10
  5857 | D:7      | Reached skill level 10 in Unarmed Combat
  6236 | D:7      | Found a sparkling altar of Nemelex Xobeh.
  6460 | D:7      | Reached **** piety under Trog
  6941 | D:8      | Reached skill level 11 in Unarmed Combat
  7297 | D:8      | Reached XP level 10. HP: 43/43 MP: 11/11
  7663 | D:8      | Found a hazy altar of Hepliaklqana.
  7899 | D:9      | Noticed a two-headed ogre
  8040 | D:9      | Killed a two-headed ogre
  8040 | D:9      | Reached skill level 12 in Unarmed Combat
  8421 | D:9      | Slain by a killer bee
  8422 | D:9      | Reached XP level 9. HP: -2/39 MP: 10/10
  8458 | D:9      | Noticed Erolcha
  8465 | D:9      | Killed Erolcha
  8555 | D:9      | Noticed a two-headed ogre
  8556 | D:9      | Found a shimmering altar of Xom.
  8569 | D:9      | Slain by a two-headed ogre
  8570 | D:9      | Reached XP level 8. HP: 0/36 MP: 9/9
  8774 | D:9      | Reached XP level 9. HP: 39/39 MP: 10/10
  8837 | D:9      | Found an opulent altar of Gozag.
  8912 | D:9      | Found a burning altar of Makhleb.
  9032 | D:9      | Reached skill level 13 in Unarmed Combat
  9128 | D:9      | Noticed Pikel
  9194 | D:9      | Killed Pikel
  9359 | D:9      | Found a staircase to the Lair.
  9394 | D:9      | Killed a two-headed ogre
  9394 | D:9      | Reached skill level 10 in Dodging
  9500 | D:10     | Entered Level 10 of the Dungeon
  9651 | D:10     | Reached XP level 10. HP: 43/43 MP: 11/11
  9961 | D:10     | Found a staircase to the Orcish Mines.
 10492 | D:10     | Reached ***** piety under Trog
 10492 | D:10     | Reached skill level 10 in Stealth
 10874 | D:10     | Found a runed door.
 10874 | D:10     | Noticed a deep troll
 10874 | D:10     | Noticed a hell knight
 10874 | D:10     | Noticed a deep elf knight
 10875 | D:10     | Found the brooch of Shielding {Reflect SH+8}
 10876 | D:10     | Noticed a stone giant
 10876 | D:10     | Noticed a deep elf archer
 10876 | D:10     | Noticed an orc high priest
 10876 | D:10     | Noticed a storm dragon
 10876 | D:10     | Noticed a wolf spider
 11185 | D:11     | Reached skill level 5 in Fighting
 11312 | D:11     | Noticed Snorg
 11323 | D:11     | Killed Snorg
 11323 | D:11     | Reached skill level 14 in Unarmed Combat
 12102 | D:12     | Found Daupec's Antique Weapon Emporium.
 12236 | D:12     | Reached XP level 11. HP: 47/47 MP: 12/12
 13447 | D:13     | Noticed a brown ugly thing
 13447 | D:13     | Noticed a skeletal warrior
 13447 | D:13     | Noticed a skeletal warrior
 13447 | D:13     | Noticed a skeletal warrior
 13453 | D:13     | Noticed a cyan ugly thing
 13455 | D:13     | Killed a skeletal warrior
 13459 | D:13     | Killed a brown ugly thing
 13466 | D:12     | Killed a cyan ugly thing
 13607 | Lair:1   | Entered Level 1 of the Lair of Beasts
 13767 | Lair:1   | Reached skill level 15 in Unarmed Combat
 14298 | Lair:1   | Noticed a five-headed hydra
 14306 | Lair:1   | Killed a five-headed hydra
 15066 | Lair:2   | Gained mutation: Your thick and shaggy fur keeps you warm. (AC +3, rC+) [Felid growth]
 15066 | Lair:2   | Reached XP level 12. HP: 50/53 MP: 13/13
 16224 | Lair:2   | Found a staircase to the Snake Pit.
 16794 | Lair:2   | Noticed a dire elephant
 16825 | Lair:2   | Killed a dire elephant
 17659 | Lair:3   | Found a staircase to the Shoals.
 17863 | Lair:3   | Noticed a queen ant
 17878 | Lair:3   | Killed a queen ant
 17878 | Lair:3   | Reached skill level 16 in Unarmed Combat
 17950 | Lair:3   | Reached XP level 13. HP: 54/60 MP: 14/14
 18281 | Lair:3   | Noticed Gastronok
 18544 | Lair:3   | Killed Gastronok
 20228 | Lair:4   | Reached skill level 15 in Dodging
 20232 | Lair:4   | Reached skill level 10 in Fighting
 20465 | Lair:4   | Identified a scroll of acquirement
 21049 | Lair:5   | Reached ****** piety under Trog
 22255 | Lair:6   | Entered Level 6 of the Lair of Beasts
 22853 | Lair:6   | Reached XP level 14. HP: 66/66 MP: 15/15
 23176 | Lair:6   | Found a viscous altar of Jiyva.
 23176 | Lair:6   | Found a staircase to the Slime Pits.
 23609 | Lair:6   | Reached skill level 17 in Unarmed Combat
 24163 | Lair:6   | Slain by a dire elephant
 24164 | Lair:6   | Reached XP level 13. HP: 0/63 MP: 14/14
 24222 | Lair:6   | Noticed a dire elephant
 24237 | Lair:6   | Killed a dire elephant
 24244 | Lair:6   | Killed a dire elephant
 24406 | Slime:1  | Entered Level 1 of the Pits of Slime
 24406 | Slime:1  | Noticed an acid blob
 24411 | Slime:1  | Noticed an azure jelly
 24415 | Slime:1  | Killed an acid blob
 24429 | Slime:1  | Killed an azure jelly
 24964 | Slime:1  | Mangled by a slime creature

Vault maps used:
D:1:      lightli_arrival_windingriver
D:2:      marbit_many_paths, grunt_ministairs_2, uniq_terence
D:3:      elyvilon_altar_5, first_ration, makhleb_altar_promises_db
D:4:      grunt_temple_overflow_gold_and_silver, uniq_duvessa, uniq_sigmund,
          uniq_menkaure
D:5:      led_sif_pool, grunt_temple_overflow_holy_war,
          minmay_temple_entry_glass, portal_sewer_entry_f,
          kennysheep_generic_room_5, uniq_eustachio
D:6:      old_standard_altar, kennysheep_okawaru_gauntlet, basic_altar,
          uniq_grinder
D:7:      nemelex_xobeh_ov_fountains_minmay
D:8:      lemuel_round_altar
D:9:      xom_butterflies, kennysheep_mini_moat, grunt_lair_entry_orc_guard_hut,
          basic_altar, minmay_misc_feat_x, hangedman_decor_growths,
          hangedman_little_slice_of_home, serial_bayou_lagoon_a, uniq_pikel,
          uniq_erolcha
D:10:     minmay_gate_of_8, david_orc_3
D:11:     serial_ice, serial_ice_n, serial_ice_c, serial_ice_m, serial_ice_b,
          serial_ice_a, portal_ice_cave_demonic_guard, minivault_4,
          grunt_ministairs_5, uniq_snorg
D:12:     serial_shops, nicolae_shop_overgrown_old_shop, hangedman_glass_teeth,
          kennysheep_generic_room_13
D:13:     erik_vaults_2, basic_altar, grunt_ministairs_13, uniq_josephine,
          uniq_rupert
Lair:1:   serial_bayou_lagoon_b
Lair:2:   mu_elephants_graveyard
Lair:3:   minmay_shoals_entry_centaurs, zaba_anthell, uniq_gastronok
Lair:4:   regret_index_harrowing_hell_hive
Lair:5:   nzn_random_ring
Lair:6:   due_jungle_book, slime_altar_1

Skill      XL: |  1  2  3  4  5  6  7  8  9 10 11 12 13 14 |
---------------+-------------------------------------------+-----
Stealth        | 1 3 4 5 6 7 8 10 11 | 11.0
Unarmed Combat | 5 6 8 9 13 14 15 16 17 | 17.3
Dodging        | 5 6 7 10 9 12 14 15 16 | 16.6
Fighting       | 4 5 6 8 10 11 | 11.6

Action                   |  1- 3 |  4- 6 |  7- 9 | 10-12 | 13-15 || total
-------------------------+-------+-------+-------+-------+-------++-------
Melee: Unarmed           |    95 |    86 |   341 |   648 |   530 ||  1700
       Bite              |    10 |    13 |    39 |    86 |    77 ||   225
       Punch             |       |     1 |    17 |    58 |    68 ||   144
Invok: Berserk           |     3 |     8 |    38 |    47 |    30 ||   126
       Trog's Hand       |       |       |     8 |     8 |     7 ||    23
       Brothers in Arms  |       |       |       |     1 |     2 ||     3
  Use: Scroll            |       |     3 |     4 |     1 |    21 ||    29
       Potion            |       |       |       |     2 |       ||     2
 Stab: Sleeping          |     5 |     5 |    10 |    15 |     7 ||    42
       Distracted        |       |       |       |     3 |     3 ||     6
  Eat: Chunk             |     6 |     4 |    45 |    66 |    33 ||   154
       Ration            |       |       |     2 |     4 |     2 ||     8
Armor: Skin              |     8 |     1 |    18 |    16 |     4 ||    47
Dodge: Dodged            |    93 |    46 |   281 |   622 |   530 ||  1572

Table legend:
 A = Spawn XP
 B = Non-spawn XP
 C = Spawn XP percentage of total XP
 D = Spawn monster count
 E = Non-spawn monster count
 F = Spawn count percentage of total count
 G = Total turns spent on level
                    A         B        C        D         E        F      G
               +---------+---------+-------+---------+---------+-------+---------
         Total |       0 |   89755 |   0.0 |       0 |     554 |   0.0 | 24964
               +---------+---------+-------+---------+---------+-------+---------
           D:1 |       0 |      26 |   0.0 |       0 |      16 |   0.0 |   559
           D:2 |       0 |      82 |   0.0 |       0 |      21 |   0.0 |   721
           D:3 |       0 |      59 |   0.0 |       0 |      16 |   0.0 |  1011
           D:4 |       0 |     984 |   0.0 |       0 |      16 |   0.0 |  1431
           D:5 |       0 |    1154 |   0.0 |       0 |      30 |   0.0 |  1680
           D:6 |       0 |     873 |   0.0 |       0 |      10 |   0.0 |   605
           D:7 |       0 |     936 |   0.0 |       0 |      21 |   0.0 |   822
           D:8 |       0 |    1901 |   0.0 |       0 |      29 |   0.0 |  1070
           D:9 |       0 |    5799 |   0.0 |       0 |      47 |   0.0 |  1894
          D:10 |       0 |    1663 |   0.0 |       0 |      31 |   0.0 |  1204
          D:11 |       0 |    2567 |   0.0 |       0 |      19 |   0.0 |  1085
          D:12 |       0 |    5351 |   0.0 |       0 |      40 |   0.0 |  1510
          D:13 |       0 |    1333 |   0.0 |       0 |       2 |   0.0 |    15
        Lair:1 |       0 |    5101 |   0.0 |       0 |      22 |   0.0 |  1810
        Lair:2 |       0 |   12870 |   0.0 |       0 |      38 |   0.0 |  2229
        Lair:3 |       0 |    9294 |   0.0 |       0 |      59 |   0.0 |  1606
        Lair:4 |       0 |    7596 |   0.0 |       0 |      43 |   0.0 |  1363
        Lair:5 |       0 |    7550 |   0.0 |       0 |      29 |   0.0 |  1642
        Lair:6 |       0 |   17560 |   0.0 |       0 |      52 |   0.0 |  2633
       Slime:1 |       0 |    7056 |   0.0 |       0 |      13 |   0.0 |    74
               +---------+---------+-------+---------+---------+-------+---------
